 Dungeon Crawl Stone Soup version 0.18-a0-921-g28655ce (webtiles) character file.

18 4thArraOfDagon the Scratcher (level 2, -1/12 HPs)
             Began as a Felid Transmuter on Dec 27, 2015.
             Slain by a hobgoblin
             ... wielding a +0 club
              (2 damage)
             ... on level 3 of the Dungeon.
             The game lasted 00:01:51 (313 turns).

4thArraOfDagon the Scratcher (Felid Transmuter)      Turns: 313, Time: 00:01:51

Health: -1/12      AC:  1    Str:  6    XL:     2   Next: 51%
Magic:  5/6        EV: 18    Int: 19    God:
Gold:   47         SH:  0    Dex: 16    Spells: 1 memorised, 4 levels left
                                        Lives:  0   Deaths: 0

rFire  . . .     SeeInvis +       - Unarmed
rCold  . . .     Gourm    .     (armour unavailable)
rNeg   . . .     Faith    .     (shield unavailable)
rPois  .         Spirit   .     (helmet unavailable)
rElec  .         Dismiss  .     (cloak unavailable)
rCorr  +         Reflect  .     (gloves unavailable)
SustAt .         Harm     .     (boots unavailable)
MR     .....                    f - amulet of resist corrosion
Stlth  ++........               (no ring)
                                (no ring)

@: brilliant, appendage, quick, not resistant to hostile enchantments,
unstealthy
A: no armour, no weapons or thrown items, claws 1, fangs 3, horns 2, see
invisible, carnivore 3, speed 1, shaggy fur 1, slow metabolism 1, sharp paws
a: End Transformation


You were on level 3 of the Dungeon.
You were completely stuffed.
You had grown temporary horns.
You visited 1 branch of the dungeon, and saw 3 of its levels.

You collected 47 gold pieces.

Inventory:

Missiles
 a - 12 arrows
Jewellery
 f - an amulet of resist corrosion (around neck)
Scrolls
 d - a scroll of blinking {unknown}
 h - a scroll of amnesia {unknown}
Books
 b - a book of Changes

   Spells                             Type                      Level
   a - Beastly Appendage              Transmutation                1
   b - Sticks to Snakes               Transmutation                2
   c - Spider Form                    Transmutation/Poison         3
   d - Ice Form                       Ice/Transmutation            4
   e - Blade Hands                    Transmutation                5
Comestibles
 c - 2 meat rations
 g - a chunk of flesh


   Skills:
 + Level 1.5 Fighting
 + Level 2.8 Dodging
 * Level 0.8 Stealth
 * Level 3.3 Unarmed Combat
 + Level 2.0 Spellcasting
 * Level 2.4 Transmutations


You had 4 spell levels left.
You knew the following spells:

 Your Spells              Type           Power        Failure   Level  Hunger
a - Beastly Appendage     Trmt           ###...       1%          1    #......


Dungeon Overview and Level Annotations

Branches:
Dungeon (3/15)

Altars:
Makhleb


Innate Abilities, Weirdness & Mutations

You cannot wear armour.
You are incapable of wielding weapons or throwing items.
You have sharp claws.
You have razor-sharp teeth.
You have supernaturally acute eyesight.
You are carnivorous and can eat meat at any time.
You cover ground quickly.
You are covered in fur (AC +1).
You have a slow metabolism.
Your sharp claws are effective at attacking unaware monsters.
You have a pair of horns on your head.


Message History

You see here a giant newt corpse.
You see here 2 poisoned needles.
You now have 47 gold pieces (gained 16).
Your horns disappear.
Things that are here:
an uncursed blowgun; 12 poisoned needles; a kobold corpse You aren't carrying any potions.
A hobgoblin comes into view. It is wielding a club.
Found a stone staircase leading down.
Unknown command.
You barely miss the hobgoblin. The hobgoblin completely misses you.
Casting: Beastly Appendage
Confirm with . or Enter, or press ? or * to list all spells.
You grow a pair of large bovine horns.
You closely miss the hobgoblin. Your headbutt misses the hobgoblin.
The hobgoblin completely misses you.
You barely miss the hobgoblin. The hobgoblin hits you with a club.
* * * LOW HITPOINT WARNING * * *
You barely miss the hobgoblin. The hobgoblin hits you with a club.
You die...

#.#.#####.
#.........#
#.#########
#.# ##†##
##.(.##
##.....##
##..)....#####
#........@g..#
##.......###.#
#......## #.#
#.#...## #.#
#.##.## ...
#.##.# #>#
#.##.# #.#
..##.# #.#
####.# #.#


You could see a hobgoblin.

Vanquished Creatures
  An orc (D:3)
  A bat (D:3)
  4 kobolds
  2 quokkas (D:3)
  2 giant newts
  4 goblins
  2 rats
16 creatures vanquished.

Notes
Turn   | Place    | Note
--------------------------------------------------------------
     0 | D:1      | 4thArraOfDagon the Felid Transmuter began the quest for the Orb.
     0 | D:1      | Reached XP level 1. HP: 9/9 MP: 4/4
   169 | D:3      | Found a burning altar of Makhleb.
   181 | D:3      | Reached XP level 2. HP: 10/12 MP: 6/6
   313 | D:3      | Slain by a hobgoblin

Vault maps used:
D:1:      erik_arrival_gehennom
D:2:      uniq_jessica
D:3:      nemelex_deck, minitemple, nicolae_overflow_hidden_temple

Action                   || total
-------------------------++-------
Melee: Unarmed           ||    51
 Cast: Beastly Appendage ||     4
  Use: Potion            ||     2
  Eat: Chunk             ||     6
